AoeStats
← LA AMIGA FEA

Arabia

508917817Analyzed
2v2 RM · 8d ago on Sep 24, 2026· 52m 33s· 4 players
Game mode
Random Map
Map size
Medium (4 player)
Population
200
Speed
Normal
Resources
Standard
Victory
Conquest
Starting age
Dark Age
Ending age
Imperial Age
RankedLock teamsTeams togetherTeam positionsShared explorationLock speedFull tech treeHidden civsTurbo modeCheats
Victory
Defeat
🇪🇸 Spanish · Spain
1045
+14
🇪🇸 Magyars · Spain
912
+19
🇨🇿 Saxons · Czechia
995
-17
🇨🇿 Sicilians · Czechia
988
-16
LA AMIGA FEA
3:23 Loom
11:27 Feudal Age
17:04 Castle Age
14:54 Horse Collar
16:05 Double-Bit Axe
16:45 Gold Mining
17:46 Fletching
18:17 Heavy Plow
19:29 Town Watch
25:49 Bow Saw
27:34 Wheelbarrow
28:32 Hand Cart
33:31 Imperial Age
31:18 Padded Archer Armor
32:48 Husbandry
32:59 Bloodlines
33:12 Leather Archer Armor
35:43 Two-Man Saw
35:23 Conscription
36:24 Elite Conquistador
38:29 Ballistics
39:13 Ring Archer Armor
41:39 Chemistry
xDakaaH
0:28 Loom
12:23 Feudal Age
17:10 Castle Age
16:25 Bloodlines
16:31 Horse Collar
21:21 Double-Bit Axe
22:08 Scale Barding Armor
24:54 Wheelbarrow
25:59 Chain Barding Armor
26:38 Hand Cart
27:48 Husbandry
31:27 Gold Mining
35:14 Imperial Age
34:38 Gold Shaft Mining
35:17 Cavalier
38:46 Plate Barding Armor
39:34 Paladin
41:39 Fletching
43:59 Light Cavalry
44:44 Bodkin Arrow
46:25 Elite Skirmisher
48:07 Padded Archer Armor
48:08 Bracer
48:31 Ballistics
49:11 Chemistry
52:06 Conscription
51:54 Corvinian Army
Johnny45c
7:21 Loom
10:13 Feudal Age
11:44 Double-Bit Axe
21:34 Castle Age
23:16 Wheelbarrow
27:39 Imperial Age
28:55 Fletching
28:38 Elite Skirmisher
29:56 Horse Collar
32:36 Gold Mining
35:38 Chemistry
35:50 Bodkin Arrow
35:56 Padded Archer Armor
37:39 Conscription
39:17 Bow Saw
39:23 Heavy Plow
40:02 Gold Shaft Mining
39:18 Stone Mining
41:27 Ballistics
43:31 Hand Cart
48:39 Bracer
48:54 Leather Archer Armor
Wamett
11:47 Feudal Age
10:47 Loom
12:08 Horse Collar
12:22 Double-Bit Axe
21:28 Castle Age
19:22 Gold Mining
19:23 Stone Mining
19:59 Forging
19:56 Scale Mail Armor
22:14 Heavy Plow
22:26 Bow Saw
23:10 Squires
22:33 Pikeman
25:01 Wheelbarrow
33:54 Iron Casting
36:03 Imperial Age
34:59 Fortified Wall
37:24 Conscription
37:43 Hand Cart
37:15 Town Watch
37:29 Murder Holes
37:38 Shield Wall
39:13 Halberdier
41:28 Elite Hearth Troop
48:35 Chain Mail Armor
48:56 Iron Casting
50:06 Two-Man Saw
Connection lost

Rejoining the realm…

Still unreachable

The connection could not be restored.

Session expired

The server has moved on; the page needs a fresh start.